 Dungeon Crawl Stone Soup version 0.29.1-15-g9cfb28693d (webtiles) character file.

Game seed: 9346713589272828457

7137 Wiggles the Severer (level 10, -2/77 HPs)
             Began as a Minotaur Berserker on Mar 30, 2023.
             Was a High Priest of Trog.
             Slain by an orc warrior
             ... wielding a +0 battleaxe
              (4 damage)
             ... on level 9 of the Dungeon.
             The game lasted 00:15:42 (10679 turns).

Wiggles the Severer (Minotaur Berserker)           Turns: 10679, Time: 00:15:43

Health: -2/77      AC: 16    Str: 34    XL:     10   Next: 85%
Magic:  9/9        EV: 12    Int:  4    God:    Trog [*****.]
Gold:   555        SH:  0    Dex: 11    Spells: 9/9 levels left

rFire   + . .      SeeInvis .   A - +0 war axe
rCold   . . .      Faith    +   (no shield)
rNeg    . . .      Spirit   .   D - +3 plate armour {Will+}
rPois   .          Reflect  .   (helmet restricted)
rElec   .          Harm     .   a - +1 cloak of Terror {rF+ rCorr Str+3 Stlth+}
rCorr   +          Rampage  .   (no gloves)
Will    +....                   (no boots)
Stlth   ..........              c - amulet of faith
HPRegen 0.22/turn               i - +4 ring of evasion
MPRegen 0.11/turn               y - +6 ring of strength

@: lethally poisoned (-2 -> -14), weakened, on berserk cooldown, slowed, very
slow
A: horns 2, retaliatory headbutt
a: Renounce Religion, Berserk, Trog's Hand, Brothers in Arms


You were on level 9 of the Dungeon.
You worshipped Trog.
Trog was extremely pleased with you.
You visited 1 branch of the dungeon, and saw 9 of its levels.
You also visited: Bailey.

You collected 555 gold pieces.

Inventory:

Hand Weapons
 A - a +0 war axe (weapon)
Armour
 a - the +1 cloak of Terror (worn) {rF+ rCorr Str+3 Stlth+}
   (You acquired it in a bailey)

   Str:       It affects your strength (+3).
   rF:        It protects you from fire.
   rCorr:     It protects you from acid and corrosion.
   Stlth:     It makes you more stealthy.
 D - a +3 plate armour of willpower (worn)
Jewellery
 c - an amulet of faith (around neck)
 i - a +4 ring of evasion (left hand)
 s - a ring of magical power
 u - a +6 ring of dexterity
 v - the ring "Feat" {Drain rF++ rCorr Int+6}
   (You found it on level 6 of the Dungeon)

   [ring of intelligence]

   Int:       It affects your intelligence (+6).
   rF:        It greatly protects you from fire.
   rCorr:     It protects you from acid and corrosion.
   Drain:     It drains your maximum health when unequipped.
 y - a +6 ring of strength (right hand)
Wands
 t - a wand of iceblast (19)
 x - a wand of flame (44)
Scrolls
 b - a scroll of amnesia
 d - 4 scrolls of teleportation
 j - 5 scrolls of identify
 k - a scroll of poison
 m - 2 scrolls of fear
 n - a scroll of enchant armour
 o - 3 scrolls of vulnerability
 r - a scroll of torment {unknown}
 B - a scroll of fog
Potions
 e - 2 potions of mutation
 g - 4 potions of curing
 h - 4 potions of heal wounds
 l - 4 potions of invisibility
 p - 2 potions of might
 q - a potion of attraction
 w - 2 potions of haste
 z - a potion of magic
 C - a potion of experience


   Skills:
 - Level 3.6 Fighting
 + Level 18.5 Axes
 - Level 2.4 Armour
 - Level 2.1 Dodging
 + Level 4.6 Stealth
 + Level 0.6 Evocations


You had 9 spell levels left.
You didn't know any spells.
Your spell library was empty.

Dungeon Overview and Level Annotations

Branches:
Dungeon (9/15)             Temple (0/1) D:4            Lair (0/5) D:8
 Bailey (visited)
    Orc: D:9-12

Altars:
Dithmenos
Elyvilon
Fedhas
Gozag
Makhleb
Nemelex Xobeh
Trog
Uskayaw

Shops:
D:1 *[   D:7 =


Innate Abilities, Weirdness & Mutations

You have a pair of horns on your head.
You reflexively headbutt those who attack you in melee.


Message History

You slash the gnoll!
You kill the gnoll!
Trog accepts your kill.
You hear a splash.
You closely miss the gnoll. You slash the orc!
You kill the orc!
Trog accepts your kill. The gnoll closely misses you. You furiously retaliate!
You headbutt the gnoll. You slash the orc warrior!
The orc warrior is almost dead.
You hit the gnoll but do no damage.
The orc warrior hits you but does no damage.
The gnoll hits you but does no damage.
You are poisoned.
You slash the gnoll!
You kill the gnoll!
Trog accepts your kill.
You hit the orc warrior but do no damage.
You feel sick.
You feel sick.
The orc warrior hits you with a +0 battleaxe!
The gnoll hits you but does no damage.
You are more poisoned.
You see here a +0 flail.
You enter the shallow water.
Moving in this stuff is going to be slow.
You feel a strong urge to attack something.
You are no longer berserk.
You are exhausted.
You feel yourself slow down.
You feel sick.
The orc warrior hits you with a +0 battleaxe!
* * * LOW HITPOINT WARNING * * *
Things that are here:
a +0 spear; a gnoll corpse Your unstable footing causes you to fumble your attack.
* * * LOW HITPOINT WARNING * * *
You feel very sick.
The gnoll is no longer moving quickly.
The gnoll splashes around in the water.
The orc warrior hits you with a +0 battleaxe.
You die...

..###...####....####..##
........###............#
............[≈≈~~~~~.#.#
.....##....#.~#####~.#[#
...###..#..#.~#...#~.####
...#...##..#.~#.∩))).##.#
......#
#....o#...#~.##.## ...#..
#....g#####~.#...# ......
##....~@o~†~~..#### .##..
.......))††....# ##.
####...)).###.## #...####
#..# #..#. ##.# ...###
##.# #.## #.## #. ###


You could see an orc warrior, a gnoll and an orc.

Vanquished Creatures
  Pikel (D:5)
  A deep elf zephyrmancer (D:7)
  An orc knight (Bailey)
  A manticore (D:8)
  A komodo dragon (D:8)
  2 kobold demonologists (Bailey)
  2 trolls (D:9)
  A vampire (D:5)
  2 steam dragons
  An acid dragon (D:8)
  10 orc warriors
  2 sky beasts (D:7)
  A black bear (D:4)
  2 ogres
  3 centaurs
  3 lemures (D:5)
  2 phantoms
  5 bullfrogs
  2 scorpions
  2 necrophages
  3 wights (D:7)
  6 killer bees
  3 howler monkeys (D:8)
  3 electric eels (Bailey)
  3 jellies
  4 orc priests
  4 hounds
  A gnoll bouda (D:9)
  2 iguanas (D:6)
  5 orc wizards
  3 adders
  10 gnolls
  2 white imps (D:6)
  2 ufetubi (D:5)
  A worm (D:2)
  3 dart slugs
  30 orcs
  5 endoplasms
  5 giant cockroaches
  20 goblins
  10 hobgoblins
  14 jackals
  4 kobolds
  4 quokkas
  7 ball pythons
  6 bats
  3 frilled lizards
  5 rats
213 creatures vanquished.

Vanquished Creatures (others)
  An orc (D:8)
  9 fungi
  5 plants
15 creatures vanquished.

Grand Total: 228 creatures vanquished

Notes
Turn   | Place    | Note
-------+----------+-------------------------------------------
     0 | D:1      | Wiggles the Minotaur Berserker began the quest for the Orb.
     0 | D:1      | Reached XP level 1. HP: 19/19 MP: 0/0
    24 | D:1      | Reached skill level 4 in Axes
   357 | D:1      | Reached XP level 2. HP: 25/26 MP: 1/1
   787 | D:1      | Reached skill level 5 in Axes
   948 | D:1      | Found a faded altar of an unknown god.
   968 | D:1      | Reached ** piety under Trog
   969 | D:1      | Reached XP level 3. HP: 29/31 MP: 2/2
  1155 | D:1      | Found Neuceaq's Antique Armour Emporium.
  1271 | D:1      | Found Sicouxia's General Store.
  2059 | D:3      | Reached XP level 4. HP: 38/39 MP: 3/3
  2060 | D:3      | Reached skill level 6 in Axes
  2081 | D:3      | Reached *** piety under Trog
  2364 | D:3      | Reached XP level 5. HP: 35/45 MP: 4/4
  2439 | D:3      | Reached skill level 7 in Axes
  2470 | D:3      | Identified the +0 robe "Arad" {Harm}
  2550 | D:3      | Found a bloodstained altar of Trog.
  2759 | D:4      | Reached skill level 8 in Axes
  3143 | D:4      | Reached XP level 6. HP: 6/51 MP: 5/5
  3621 | D:4      | Found a hide-covered altar of Uskayaw.
  3633 | D:4      | Reached skill level 9 in Axes
  3633 | D:4      | Reached skill level 1 in Stealth
  3640 | D:4      | Reached XP level 7. HP: 40/57 MP: 6/6
  3840 | D:4      | Found a staircase to the Ecumenical Temple.
  4107 | D:5      | Entered Level 5 of the Dungeon
  4139 | D:5      | Reached **** piety under Trog
  4203 | D:5      | Found a blossoming altar of Fedhas.
  4307 | D:5      | Reached skill level 10 in Axes
  4631 | D:5      | Noticed Pikel
  4646 | D:5      | Killed Pikel
  4647 | D:5      | Reached skill level 11 in Axes
  4647 | D:5      | Reached XP level 8. HP: 63/64 MP: 7/7
  4977 | D:5      | Reached skill level 12 in Axes
  5288 | D:6      | Found a burning altar of Makhleb.
  5355 | D:6      | Reached skill level 13 in Axes
  5630 | D:6      | Found a sparkling altar of Nemelex Xobeh.
  5664 | D:6      | Identified the ring "Feat" {Drain rF++ rCorr Int+6}
  5675 | D:6      | Found an opulent altar of Gozag.
  7096 | D:7      | Reached XP level 9. HP: 70/70 MP: 8/8
  7262 | D:7      | Reached skill level 14 in Axes
  7403 | D:7      | Found a white marble altar of Elyvilon.
  7404 | D:7      | Found a shadowy altar of Dithmenos.
  7463 | D:7      | Found Siumoret's Jewellery Emporium.
  7958 | D:7      | Noticed a deep elf zephyrmancer
  7968 | D:7      | Killed a deep elf zephyrmancer
  7969 | D:7      | Reached skill level 15 in Axes
  8627 | D:8      | Reached skill level 16 in Axes
  8702 | D:8      | Noticed a manticore
  8717 | D:8      | Killed a manticore
  8718 | D:8      | Reached XP level 10. HP: 77/77 MP: 9/9
  9225 | D:8      | Found a staircase to the Lair.
  9669 | D:9      | Found a flagged portal.
  9687 | Bailey   | Entered a bailey
  9695 | Bailey   | Reached skill level 17 in Axes
  9915 | Bailey   | Noticed an orc knight
  9925 | Bailey   | Killed an orc knight
 10121 | Bailey   | Acquired the +1 cloak of Terror {rF+ rCorr Str+3 Stlth+}
 10192 | Bailey   | Found an iron altar of Okawaru.
 10194 | Bailey   | Noticed a smoke demon
 10204 | Bailey   | Reached skill level 18 in Axes
 10233 | Bailey   | Identified the +8 long sword of Estolixt {freeze, Will-
                  | Int+2 SInv}
 10312 | Bailey   | Reached ***** piety under Trog
 10679 | D:9      | HP: 2/77 [poisoned by a gnoll]
 10679 | D:9      | Slain by an orc warrior

Illustrated notes

Levels and vault maps discovered:
D:1:      saegor_arrival_simple_b, layout_basic, serial_shops,
          nicolae_shop_advertising_works [nicolae_subvault_shop_adworks], shop,
          hellmonk_ecumenical_altar_inner_sanctum
D:2:      cheibrodos_helix_gallery, layout_basic
D:3:      layout_basic, lightli_temple_of_fire
D:4:      layout_loops_ring, mainiacjoe_overflow_chevrons,
          minmay_temple_entry_junction
D:5:      layout_cave_pods, fedhas_altar_3, uniq_pikel
D:6:      layout_layer_cave, mainiacjoe_overflow_catwalk,
          nemelex_spade_bored_becter, grunt_gozag_breadcrumbs, serial_rivers,
          chequers_serial_rivers_micro_d, chequers_serial_rivers_micro_d,
          chequers_serial_rivers_micro_e, chequers_serial_rivers_micro_a
D:7:      layout_basic, mainiacjoe_overflow_divided_tiny, serial_shops,
          nicolae_shop_crystal, guppyfry_early_elven_hall
D:8:      layout_basic, david_lair_shrubbed
D:9:      lemuel_bear_cage, layout_layer_cave, mainiacjoe_overflow_alcove_1,
          david_orc_5, enter_bailey_3, serial_shops, nicolae_shop_behind_doors,
          hangedman_abyss_or_decor_lesser_grid

Skill      XL: |  1  2  3  4  5  6  7  8  9 10 |
---------------+-------------------------------+-----
Axes           | 4 5 6 8 9 11 13 16 18 | 18.5
Stealth        | 1 2 3 4 |  4.6
Fighting       | |  3.6
Armour         | |  2.4
Dodging        | |  2.1
Evocations     | |  0.6

Action                   |  1- 3 |  4- 6 |  7- 9 | 10-12 || total
-------------------------+-------+-------+-------+-------++-------
Melee: Hand axe          |   112 |    91 |   221 |    38 ||   462
       Headbutt          |     9 |    15 |    46 |    23 ||    93
       Punch             |     2 |     1 |     6 |     2 ||    11
       War axe           |       |       |       |    79 ||    79
Invok: Berserk           |       |     2 |     7 |     7 ||    16
Evoke: Wand              |       |       |       |     5 ||     5
  Use: Scroll            |       |       |    15 |     1 ||    16
Armor: Animal skin       |     8 |       |       |       ||     8
       Scale mail        |    15 |    33 |    28 |       ||    76
       Chain mail        |       |       |    22 |    17 ||    39
       Plate armour      |       |       |       |    23 ||    23
Dodge: Dodged            |   102 |    66 |   116 |    66 ||   350
